 Dungeon Crawl Stone Soup version 0.29.0-7-g18a832c13a (webtiles) character file.

Game seed: 650488203496008027

21 Zeldest the Trooper (level 2, -3/24 HPs)
             Began as a Mummy Chaos Knight on Aug 30, 2022.
             Was a Follower of Yredelemnul.
             Killed from afar by a white imp (4 damage)
             ... with a puff of frost
             ... summoned by Xom
             ... on level 1 of the Dungeon.
             The game lasted 00:01:01 (784 turns).

Zeldest the Trooper (Mummy Chaos Knight)             Turns: 784, Time: 00:01:02

Health: -3/24      AC: 10    Str: 15    XL:     2   Next: 65%
Magic:  2/2        EV:  4    Int: 11    God:    Yredelemnul [*.....]
Gold:   44         SH:  0    Dex: 11    Spells: 1/1 levels left

rFire   x . .      SeeInvis .   a - +0 hand axe (chaos)
rCold   + . .      Faith    .   (no shield)
rNeg    + + +      Spirit   .   g - +0 plate armour
rPois   ∞          Reflect  .   (no helmet)
rElec   .          Harm     .   (no cloak)
rCorr   .          Rampage  .   (no gloves)
Will    .....                   (no boots)
Stlth   ..........              (no amulet)
HPRegen 0.08/turn               (no ring)
MPRegen 0.08/turn               (no ring)

@: slowed, very slow
A: cold resistance 1, negative energy resistance 3, torment resistance 2, heat
vulnerability 1, no potions
a: Renounce Religion, Recall Undead Harvest


You were on level 1 of the Dungeon.
You worshipped Yredelemnul.
Yredelemnul was noncommittal.
You visited 1 branch of the dungeon, and saw 1 of its levels.

You collected 44 gold pieces.

Inventory:

Hand Weapons
 a - a +0 hand axe of chaos (weapon)
Armour
 b - a +2 leather armour
 g - a +0 plate armour (worn)
Scrolls
 d - a scroll of poison {unknown}
 e - a scroll of enchant armour {unknown}
 f - a scroll of enchant weapon {unknown}
 h - 4 scrolls of teleportation {unknown}
 i - a scroll of blinking {unknown}
Miscellaneous
 c - a piece from Xom's chessboard (15/15) (quivered)


   Skills:
 + Level 3.3 Fighting
 * Level 3.0 Axes
 - Level 1.5 Armour
 - Level 0.7 Dodging
 + Level 0.0 Invocations


You had one spell level left.
You didn't know any spells.
Your spell library contained the following spells:

 Spells                   Type           Power      Damage    Failure   Level
 Anguish                  Hex/Necr       0%         N/A       100%        4
 Enfeeble                 Hex            0%         N/A       100%        7


Dungeon Overview and Level Annotations

Branches:
Dungeon (1/15)

Altars:
Yredelemnul

Shops:
D:1 (


Innate Abilities, Weirdness & Mutations

You are immune to poison.
Your flesh is cold resistant. (rC+)
You are immune to negative energy. (rN+++)
You are immune to unholy pain and torment.
You are vulnerable to heat. (rF-)
You do not drink.


Message History

The ufetubus hits you but does no damage.
The ufetubus hits you.
Your giant cockroach zombie bites the ufetubus.
You swap places.
Your bat zombie hits the white imp but does no damage.
Your bat zombie hits the white imp.
Your bat zombie closely misses the white imp.
The ufetubus hits you but does no damage. x2
Your ball python zombie bites the ufetubus.
Your ball python zombie constricts the ufetubus.
The white imp barely misses your bat zombie.
Your quokka zombie bites the ufetubus.
The ufetubus dies!
The ufetubus degenerates into a cloud of primal chaos!
The white imp gestures at you. The puff of frost hits you. You resist.
The white imp gestures at you. The puff of frost hits you. You resist.
Your giant cockroach zombie bites the white imp.
Your ball python zombie bites the white imp but does no damage.
Your ball python zombie closely misses the white imp.
The white imp gestures at you. The puff of frost hits you. You resist.
* * * LOW HITPOINT WARNING * * *
The white imp gestures at you.
The puff of frost hits you but does no damage.
The white imp attacks as you move away!
The white imp hits you but does no damage.
Your bat zombie closely misses the white imp.
Your giant cockroach zombie barely misses the white imp.
Your quokka zombie is engulfed in seething chaos.
Your quokka zombie barely misses the white imp.
Your bat zombie closely misses the white imp.
The white imp gestures at you. The puff of frost hits you. You resist.
* * * LOW HITPOINT WARNING * * *
The white imp gestures at you. The puff of frost hits you. You resist.
You die...
Yredelemnul claims you as an undead slave.

#...#### #......
###...##.# #.....
#.....##.# #....
######.....##.###55.
................##.#
######.#....#.#Z##5#
...............ZZZZ# #
######.........Z5Z5#....
...............>@........
.......####.#.#.##.#.#...
....##.# #.#.#.##.#.# .
....##.# .......... #
....##.# # .#...####.
........ ......## .#..#
...##..# .##...### #..#
...##..# #. #.....#
#..#### ...##..#
#.##...#.###......


You could see a quasit (summoned), 3 white imps, 2 friendly bat zombies, a
friendly ball python zombie, a friendly rat zombie, a friendly quokka zombie, a
friendly giant cockroach zombie and a friendly kobold zombie.

Vanquished Creatures
  A dart slug (D:1)
  2 endoplasms (D:1)
  3 giant cockroaches (D:1)
  A goblin (D:1)
  3 hobgoblins (D:1)
  A jackal (D:1)
  2 kobolds (D:1)
  4 rats (D:1)
17 creatures vanquished.

Notes
Turn   | Place    | Note
-------+----------+-------------------------------------------
     0 | D:1      | Zeldest the Mummy Chaos Knight began the quest for the Orb.
     0 | D:1      | Reached XP level 1. HP: 18/18 MP: 1/1
    27 | D:1      | Found Vauthrip's Weapon Emporium.
   150 | D:1      | XOM: divination: magic mapping
   171 | D:1      | XOM: silly message
   342 | D:1      | Found a faded altar of an unknown god.
   359 | D:1      | XOM: noise
   363 | D:1      | Reached XP level 2. HP: 20/24 MP: 2/2
   425 | D:1      | Prayed at the altar of an unknown god.
   425 | D:1      | Fell from the grace of Xom
   425 | D:1      | Became a worshipper of Yredelemnul the Dark
   425 | D:1      | Reached * piety under Yredelemnul
   664 | D:1      | XOM: polymorph endoplasm -> jackal
   780 | D:1      | XOM: summons 7 hostile demons
   784 | D:1      | HP: 1/24 [white imp/puff of frost[Xom] (6)]
   784 | D:1      | Killed from afar by a white imp

Illustrated notes

Levels and vault maps discovered:
D:1:      dpeg_arrival_water_temple_mockup, layout_basic,
          ebering_ecumenical_altar_hall, serial_shops, nicolae_shop_statue_plus

Skill      XL: |  1  2 |
---------------+-------+-----
Axes           | 3 |  3.0
Fighting       | |  3.3
Armour         | |  1.5
Dodging        | |  0.7

Action                   || total
-------------------------++-------
Melee: Hand axe          ||    51
Armor: Leather armour    ||     7
       Plate armour      ||    17
Dodge: Dodged            ||    26
